 Dungeon Crawl Stone Soup version 0.30.1-8-g117510f58f (webtiles) character file.

Game seed: 1781100779689352899

54 Chaositek the Sneak (level 3, -2/21 HPs)
             Began as a Vampire Enchanter on Sept 22, 2023.
             Was a Follower of Dithmenos.
             Slain by a cerulean imp
             ... wielding a +3 spear
             ... summoned by Natasha
              (7 damage)
             ... on level 4 of the Dungeon.
             The game lasted 00:12:13 (1880 turns).

Chaositek the Sneak (Vampire Enchanter)             Turns: 1880, Time: 00:12:13

Health: -2/21      AC:  2    Str:  7    XL:     3   Next: 66%
Magic:  6/6        EV: 12    Int: 19    God:    Dithmenos [*.....]
Gold:   207        SH:  5    Dex: 14    Spells: 1/6 levels left

rFire   + . .        r - +2 dagger (venom)
rCold   . . .        (no shield)
rNeg    . . .        b - +0 robe
rPois   .            (no helmet)
rElec   .            (no cloak)
rCorr   .            (no gloves)
SInv    +            (no boots)
Will    .....        g - amulet of reflection
Stlth   ++++         s - ring of protection from fire
HPRegen 0.43/turn    (no ring)
MPRegen 0.10/turn

%: reflection
@: healing quickly, wreathed by umbra
A: alive, fangs 3, see invisible, vampiric 2, [frail 1]
a: Exsanguinate, Renounce Religion


You were on level 4 of the Dungeon.
You worshipped Dithmenos.
Dithmenos was aware of your devotion.
You visited 1 branch of the dungeon, and saw 4 of its levels.

You collected 207 gold pieces.

Inventory:

Hand Weapons
 a - a +1 dagger
 r - a +2 dagger of venom (weapon)
Armour
 b - a +0 robe (worn)
Jewellery
 g - an amulet of reflection (around neck)
 s - a ring of protection from fire (left hand)
Scrolls
 i - a scroll of fog {unknown}
 j - a scroll of noise {unknown}
 l - 4 scrolls of immolation {unknown}
 m - a scroll of teleportation {unknown}
 n - a scroll of identify {unknown}
 o - 2 scrolls of poison {unknown}
 q - a scroll of amnesia {unknown}
 t - a scroll of summoning {unknown}
 u - a scroll of enchant armour {unknown}
Potions
 c - 3 potions of invisibility
 d - a potion of lignification {unknown}
 e - 2 potions of flight {unknown}
 f - 3 potions of curing {unknown}
 h - a potion of mutation {unknown}
 k - a potion of brilliance {unknown}
 p - 2 potions of degeneration {unknown}


   Skills:
 + Level 1.9 Short Blades
 + Level 2.4 Dodging
 + Level 5.5 Stealth
 + Level 0.3 Shields
 + Level 2.0 Spellcasting
 + Level 5.2 Hexes
 + Level 0.1 Ice Magic


You had one spell level left.
You knew the following spells:

 Your Spells              Type           Power      Damage    Failure   Level
a - Ensorcelled Hibernat  Hex/Ice        24%        N/A       9%          2
b - Confusing Touch       Hex            21%        N/A       6%          3

Your spell library contained the following spells:

 Spells                   Type           Power      Damage    Failure   Level
 Apportation              Tloc           2%         N/A       17%         1
 Necrotise                Necr           4%         1d4       17%         1
 Summon Small Mammal      Summ           4%         N/A       17%         1
 Tukima's Dance           Hex            21%        N/A       6%          3
 Dazzling Flash           Conj/Hex       22%        N/A       17%         3
 Blink                    Tloc           2%         N/A       26%         2
 Lesser Beckoning         Tloc           2%         N/A       26%         2
 Momentum Strike          Conj/Tloc      2%         3d8       26%         2


Dungeon Overview and Level Annotations

Branches:
Dungeon (4/15)
 Temple: D:4-7

Altars:
Dithmenos
Ru

Annotations:
D:4 3 runed translucent doors, exclusion: phantom, Natasha


Innate Abilities, Weirdness & Mutations

Your natural rate of healing is accelerated.
You have razor-sharp teeth.
You have supernaturally acute eyesight. (SInv)
You are afflicted with vampirism and can become a bat while bloodless.
[You are frail. (-10% HP)]


Message History

You closely miss the cerulean imp.
The cerulean imp is heavily wounded.
The cerulean imp misses you.
The cerulean imp hits you with a +3 spear.
You barely miss the cerulean imp.
The cerulean imp is heavily wounded.
The cerulean imp hits you from afar with a +1 spear.
You barely miss the cerulean imp. You bite the cerulean imp.
The cerulean imp is heavily wounded.
Natasha casts a spell.
The cerulean imp closely misses you.
The cerulean imp hits you from afar with a +1 spear.
You hit the cerulean imp.
The cerulean imp is severely wounded.
You block the cerulean imp's attack. The cerulean imp barely misses you.
You hit the cerulean imp.
The cerulean imp is almost dead.
The cerulean imp hits you but does no damage.
You closely miss the cerulean imp.
The cerulean imp is almost dead.
The cerulean imp disappears in a puff of smoke!
The cerulean imp misses you.
You hit the cerulean imp but do no damage.
Your bite misses the cerulean imp.
The cerulean imp is almost dead.
The cerulean imp hits you but does no damage.
You block the cerulean imp's attack.
You completely miss the cerulean imp.
The cerulean imp is almost dead.
The cerulean imp hits you from afar with a +2 spear.
You miss the cerulean imp.
The cerulean imp is almost dead.
The cerulean imp barely misses you.
The cerulean imp hits you from afar with a +2 spear.
You miss the cerulean imp.
The cerulean imp is almost dead.
The cerulean imp hits you from afar with a +2 spear.
* * * LOW HITPOINT WARNING * * *
The cerulean imp hits you with a +3 spear!
You die...

.#.##.###.####......#
.......h..g.h.....#...
###..S5###...........
#.##†# ####........
.#####.##.## ###.##...
W.?......h.# ...###
###)###.#5## #####.#
#.# #.#S5## #..# .#
#.# #.###@# ##.# #
#.###...<.#####.#
#............##.#
############.##.#
#.##.# #.##.# #.##.#
#.##.## ###.##..#


You could see Natasha, 2 cerulean imps and a ball python.

Vanquished Creatures
  A dart slug (D:3)
  4 ball pythons
  2 bats
  5 endoplasms
  A giant cockroach (D:4)
  3 goblins
  8 hobgoblins
  2 jackals (D:1)
  3 quokkas
  2 frilled lizards
  7 kobolds
  6 rats
44 creatures vanquished.

Notes
Turn   | Place    | Note
-------+----------+-------------------------------------------
     0 | D:1      | Chaositek the Vampire Enchanter began the quest for the
                  | Orb.
     0 | D:1      | Reached XP level 1. HP: 13/13 MP: 3/3
    45 | D:1      | You fall into a shaft and drop 1 floor!
   114 | D:2      | Reached skill level 5 in Hexes
   171 | D:2      | Reached XP level 2. HP: 19/19 MP: 5/5
   475 | D:2      | Reached skill level 5 in Stealth
   620 | D:1      | Found a faded altar of an unknown god.
   717 | D:1      | Learned a level 2 spell: Ensorcelled Hibernation
   793 | D:1      | Gained mutation: You are afflicted with vampirism and can
                  | become a bat while bloodless. [Vampire growth]
   793 | D:1      | Reached XP level 3. HP: 21/21 MP: 6/6
   821 | D:1      | Learned a level 3 spell: Confusing Touch
   971 | D:1      | Prayed at the altar of an unknown god.
   971 | D:1      | Became a worshipper of Dithmenos the Shadowed
   971 | D:1      | Reached * piety under Dithmenos
  1712 | D:3      | Found a sacrificial altar of Ru.
  1742 | D:4      | Noticed a phantom
  1813 | D:4      | Noticed a scorpion
  1820 | D:4      | Found a runed translucent gate.
  1823 | D:4      | Found a runed translucent gate.
  1833 | D:4      | Found a runed translucent gate.
  1838 | D:4      | Noticed Natasha
  1880 | D:4      | Slain by a cerulean imp

Illustrated notes

Levels and vault maps discovered:
D:1:      minmay_arrival_stair_chambers, layout_basic,
          dreamdust_ecumenical_altar_statues
D:2:      layout_rooms, guppyfry_early_lair_pool
D:3:      layout_basic, mainiacjoe_overflow_tiny_flanked,
          mainiacjoe_overflow_alcove_1
D:4:      layout_loops_ring, nzn_hepliaklqana_mist_gate,
          minmay_temple_entry_poolview, gammafunk_ghost_icy,
          minmay_diced_spiral, uniq_natasha

Skill      XL: |  1  2 |
---------------+-------+-----
Hexes          | 5 |  5.2
Stealth        | 5 |  5.5
Short Blades   | |  1.9
Dodging        | |  2.4
Shields        | |  0.3
Spellcasting   | |  2.0
Ice Magic      | |  0.1

Action                     || total
---------------------------++-------
  Melee: Dagger            ||   140
         Bite              ||    11
   Cast: Ensorcelled Hiber ||     2
Ability: Exsanguinate      ||     1
         Revivify          ||     1
   Stab: Sleeping          ||    15
 Armour: Robe              ||    14
  Dodge: Dodged            ||    55
  Block: Other             ||    29
         Reflection        ||     1
